 Dungeon Crawl Stone Soup version 0.29-a0-375-g5102b3be25 (webtiles) character file.

Game seed: 6744744668405027473

9788 frimble the Slicer (level 11, -10/88 (89) HPs)
             Began as a Gnoll Cinder Acolyte on May 3, 2022.
             Was a High Priest of Ignis.
             Killed by vampiric draining
             ... invoked by Josephine
              (25 damage)
             ... on level 11 of the Dungeon on May 4, 2022.
             The game lasted 00:21:08 (11482 turns).

frimble the Slicer (Gnoll Cinder Acolyte)          Turns: 11482, Time: 00:21:09

HP:   -10/88 (89)   AC: 10    Str: 13    XL:     11   Next: 52%
MP:   18/21         EV: 13    Int: 17    God:    Ignis [*****.]
Gold: 773           SH:  5    Dex:  9    Spells: 16/24 levels left

rFire   + . .      SeeInvis .   b - +9 sword of Zonguldrok {reap}
rCold   + . .      Faith    .   (no shield)
rNeg    . . .      Spirit   .   u - +2 troll leather armour
rPois   .          Reflect  +   (no helmet)
rElec   .          Harm     .   s - +0 cloak
rCorr   .          Rampage  .   (no gloves)
Will    .....                   q - +1 pair of boots
Stlth   +++.......              B - amulet of reflection
HPRegen 1.04/turn               g - ring of wizardry
MPRegen 0.17/turn               t - ring of protection from cold

@: freezing walls, slowed, lightly drained, very slow
A: fangs 1, strong nose, distributed training
a: Renounce Religion, Fiery Armour, Foxfire Swarm, Rising Flame


You were on level 11 of the Dungeon.
You worshipped Ignis.
Ignis was extremely pleased with you.
You visited 1 branch of the dungeon, and saw 11 of its levels.

You collected 2133 gold pieces.
You spent 1360 gold pieces at shops.

Inventory:

Hand Weapons
 a - a +3 short sword of venom
 b - the +9 sword of Zonguldrok (weapon) {reap}
   (You bought it in a shop on level 10 of the Dungeon)

   Any living foe damaged by it may be reanimated upon death as a zombie
   friendly to the wielder, with an increasing chance as more damage is dealt.
 x - a -1 short sword of flaming
Missiles
 F - a throwing net (quivered)
Armour
 q - a +1 pair of boots (worn)
 s - a +0 cloak (worn)
 u - a +2 troll leather armour (worn)
 z - a +0 leather armour of cold resistance
Jewellery
 g - a ring of wizardry (left hand)
 m - a ring of willpower
 t - a ring of protection from cold (right hand)
 w - a ring of wizardry
 B - an amulet of reflection (around neck)
Wands
 c - a wand of iceblast (10)
 y - a wand of digging (11)
 D - a wand of paralysis (1)
Scrolls
 h - 5 scrolls of blinking
 o - 2 scrolls of fear
 p - 3 scrolls of amnesia
 A - a scroll of magic mapping
 C - 5 scrolls of identify
 E - a scroll of teleportation
 G - 3 scrolls of immolation
Potions
 d - 3 potions of heal wounds
 e - 4 potions of flight
 f - 2 potions of ambrosia
 i - 2 potions of mutation
 j - 2 potions of lignification
 k - 3 potions of resistance
 l - 4 potions of curing
 n - 2 potions of might
 r - a potion of attraction
 v - a potion of haste


   Skills:
 + Level 9.2 Fighting
 + Level 9.2 Short Blades
 + Level 6.3 Long Blades
 + Level 6.3 Axes
 + Level 6.3 Maces & Flails
 + Level 6.3 Polearms
 + Level 6.3 Staves
 + Level 6.3 Slings
 + Level 6.3 Bows
 + Level 6.3 Crossbows
 + Level 6.3 Throwing
 + Level 6.3 Armour
 + Level 6.3 Dodging
 + Level 6.3 Stealth
 + Level 6.3 Shields
 + Level 6.3 Unarmed Combat
 + Level 7.0 Spellcasting
 + Level 5.2 Conjurations
 + Level 5.2 Hexes
 + Level 5.2 Summonings
 + Level 5.2 Necromancy
 + Level 5.2 Translocations
 + Level 5.2 Transmutations
 + Level 7.7 Fire Magic
 + Level 5.2 Ice Magic
 + Level 5.2 Air Magic
 + Level 5.2 Earth Magic
 + Level 5.2 Poison Magic
 + Level 7.0 Invocations
 + Level 6.3 Evocations


You had 16 spell levels left.
You knew the following spells:

 Your Spells              Type           Power      Damage    Failure   Level
a - Scorch                Fire           64%        2d8       1%          2
b - Blink                 Tloc           46%        N/A       1%          2
c - Apportation           Tloc           46%        N/A       1%          1
d - Frozen Ramparts       Ice            46%        1d6       1%          3

Your spell library contained the following spells:

 Spells                   Type           Power      Damage    Failure   Level
 Beastly Appendage        Tmut           46%        N/A       1%          1
 Foxfire                  Conj/Fire      100%       2x1d9     1%          1
 Freeze                   Ice            92%        1d10      1%          1
 Summon Small Mammal      Summ           92%        N/A       1%          1
 Wereblood                Tmut           23%        N/A       1%          2
 Call Canine Familiar     Summ           23%        N/A       1%          3
 Conjure Flame            Conj/Fire      28%        6-21      1%          3
 Inner Flame              Hex/Fire       28%        N/A       1%          3
 Lesser Beckoning         Tloc           23%        N/A       1%          3
 Portal Projectile        Hex/Tloc       46%        N/A       1%          3
 Spider Form              Tmut/Pois      23%        N/A       1%          3
 Summon Guardian Golem    Hex/Summ       23%        N/A       1%          3
 Flame Wave               Conj/Fire      28%        2d8       4%          4
 Fulminant Prism          Conj/Hex       11%        3d9       6%          4
 Hailstorm                Conj/Ice       23%        3d7       6%          4
 Iskenderun's Mystic Bla  Conj/Tloc      23%        2d6       6%          4
 Alistair's Intoxication  Tmut/Pois      15%        N/A       17%         5
 Blade Hands              Tmut           11%        N/A       17%         5
 Excruciating Wounds      Necr           11%        N/A       17%         5
 Lee's Rapid Deconstruct  Erth           11%        3d9*      17%         5
 Manifold Assault         Tloc           23%        N/A       17%         5
 Summon Forest            Summ/Tloc      11%        N/A       17%         5
 Summon Mana Viper        Hex/Summ       23%        N/A       17%         5
 Summon Cactus Giant      Summ           11%        N/A       65%         6


Dungeon Overview and Level Annotations

Branches:
Dungeon (11/15)            Temple (0/1) D:7            Lair (0/6) D:10
    Orc: D:9-12

Altars:
Ashenzari
Dithmenos
Gozag
Qazlal
Sif Muna
Trog
Vehumet
Wu Jian
Xom
The Shining One

Shops:
D:4 *   D:6 (   D:8 [   D:10 *

Annotations:
D:11 Josephine


Innate Abilities, Weirdness & Mutations

You have very sharp teeth.
Your uncanny sense of smell can sniff out nearby items.
Your experience applies equally to all skills.


Message History

Josephine is heavily wounded.
Josephine closely misses you. The wraith hits you.
The wraith drains your vigour!
You feel as though you will be slow longer.
You hit Josephine.
Josephine is heavily wounded.
Josephine misses you. The wraith misses you. You block Josephine's attack.
You block the wraith's attack.
You hit Josephine. Your punch misses Josephine.
Josephine is heavily wounded.
Josephine barely misses you. The wraith hits you.
The wraith drains your vigour!
You feel as though you will be slow longer.
Josephine hits you but does no damage. The wraith misses you.
Okay, then.
Casting: Frozen Ramparts (safe; 1% risk of failure)
Confirm with . or Enter, or press ? or * to list all spells.
Casting: Frozen Ramparts (safe; 1% risk of failure)
Press: ? - help, Dir - look around, f - activate The walls around you are covered in ice.
The wraith resists.
The wall freezes the wraith.
The wall freezes Josephine.
You block Josephine's attack.
The wraith resists.
The wall freezes the wraith.
The wraith barely misses you.
The wraith resists.
The wall freezes the wraith.
The wraith resists.
The wall freezes the wraith.
The wraith hits you but does no damage.
The wraith resists.
The wall freezes the wraith.
The wall freezes Josephine.
Josephine closely misses you.
You slice Josephine!!
Josephine is severely wounded.
The wraith resists.
The wall freezes the wraith.
You destroy the wraith!
The wall freezes Josephine.
Josephine draws life force from you!!
* * * LOW HITPOINT WARNING * * *
Josephine is healed by the life force!
The wraith resists.
The wall freezes the wraith.
You block the wraith's attack.
You slash Josephine! You bite Josephine, but do no damage.
Josephine is severely wounded.
The wraith resists.
The wall freezes the wraith.
The wall freezes Josephine.
Josephine draws life force from you!!
You die...

#........
#.......#
#.......#
#.......#
#.......#
#W.....!.
#@W......
#@###.#
#.....#
#.....#
#.....+
#.....#
#.....#
#.....#
#.....#
#.##..#


You could see Josephine and 2 wraiths.

Vanquished Creatures
  A hydra (D:8)
  4 two-headed ogres
  Pikel (D:5)
  A cyclops (D:8)
  Joseph (D:7)
  Maggie (D:9)
  A kobold demonologist (D:8)
  A troll (D:10)
  Sigmund (D:2)
  A shadow (D:9)
  2 wraiths (D:11)
  A wyvern (D:9)
  3 yaks (D:10)
  A steam dragon (D:9)
  A basilisk (D:9)
  Menkaure (D:5)
  2 acid dragons (D:10)
  Duvessa (D:5)
  A water moccasin (D:7)
  2 orc warriors
  An ice beast (D:8)
  A sky beast (D:8)
  A black bear (D:6)
  3 ogres
  3 lemures
  A centaur (D:7)
  A kobold brigand (D:8)
  5 bullfrogs
  A gnoll sergeant (D:11)
  2 scorpions
  10 wights
  Dowan (D:5)
  A jelly (D:6)
  4 killer bees (D:9)
  3 howler monkeys
  5 orc priests
  Terence (D:3)
  2 iguanas
  6 orc wizards
  10 gnolls
  10 adders
  3 white imps
  An ufetubus (D:7)
  3 worms
  2 dart slugs
  29 orcs
  10 endoplasms
  2 giant cockroaches
  6 goblins
  6 hobgoblins
  8 jackals
  17 kobolds
  5 quokkas
  7 ball pythons
  A bat (D:1)
  3 frilled lizards (D:1)
  11 rats
214 creatures vanquished.

Vanquished Creatures (collateral kills)
  A gnoll (D:11)
1 creature vanquished.

Vanquished Creatures (others)
  An orc wizard (D:4)
  22 foxfires (D:6)
23 creatures vanquished.

Grand Total: 238 creatures vanquished

Notes
Turn   | Place    | Note
-------+----------+-------------------------------------------
     0 | D:1      | frimble the Gnoll Cinder Acolyte began the quest for the
                  | Orb.
     0 | D:1      | Reached XP level 1. HP: 23/23 MP: 4/4
   412 | D:1      | Reached XP level 2. HP: 27/29 MP: 5/5
   865 | D:1      | Reached XP level 3. HP: 31/35 MP: 7/7
  1428 | D:2      | Learned a level 2 spell: Scorch
  1622 | D:2      | Found a faded altar of an unknown god.
  1861 | D:2      | Reached skill level 1 in Invocations
  1869 | D:2      | Reached skill level 1 in Long Blades
  1869 | D:2      | Reached skill level 1 in Axes
  1869 | D:2      | Reached skill level 1 in Maces & Flails
  1869 | D:2      | Reached skill level 1 in Polearms
  1869 | D:2      | Reached skill level 1 in Staves
  1869 | D:2      | Reached skill level 1 in Slings
  1869 | D:2      | Reached skill level 1 in Bows
  1869 | D:2      | Reached skill level 1 in Crossbows
  1869 | D:2      | Reached skill level 1 in Throwing
  1869 | D:2      | Reached skill level 1 in Armour
  1869 | D:2      | Reached skill level 1 in Dodging
  1869 | D:2      | Reached skill level 1 in Stealth
  1869 | D:2      | Reached skill level 1 in Shields
  1869 | D:2      | Reached skill level 1 in Unarmed Combat
  1869 | D:2      | Reached skill level 1 in Evocations
  1869 | D:2      | Reached XP level 4. HP: 31/41 MP: 1/8
  1900 | D:2      | Reached skill level 1 in Conjurations
  1900 | D:2      | Reached skill level 1 in Hexes
  1900 | D:2      | Reached skill level 1 in Summonings
  1900 | D:2      | Reached skill level 1 in Necromancy
  1900 | D:2      | Reached skill level 1 in Translocations
  1900 | D:2      | Reached skill level 1 in Transmutations
  1900 | D:2      | Reached skill level 1 in Ice Magic
  1900 | D:2      | Reached skill level 1 in Air Magic
  1900 | D:2      | Reached skill level 1 in Earth Magic
  1900 | D:2      | Reached skill level 1 in Poison Magic
  2184 | D:2      | Noticed Sigmund
  2366 | D:2      | Killed Sigmund
  2367 | D:2      | Reached XP level 5. HP: 26/47 MP: 2/10
  2367 | D:2      | Reached XP level 6. HP: 29/53 MP: 2/11
  2625 | D:2      | Learned a level 2 spell: Blink
  2813 | D:2      | Identified a scroll of acquirement
  2813 | D:2      | Acquired 1062 gold pieces
  3424 | D:3      | Learned a level 1 spell: Apportation
  3493 | D:3      | Noticed Terence
  3503 | D:3      | Killed Terence
  4290 | D:4      | Reached XP level 7. HP: 60/60 MP: 3/12
  5412 | D:4      | Found Tudeokk's Lightly-Used Armoury.
  5558 | D:5      | Entered Level 5 of the Dungeon
  5580 | D:5      | Noticed Pikel
  5829 | D:5      | Learned a level 3 spell: Frozen Ramparts
  6503 | D:5      | Noticed Duvessa
  6503 | D:5      | Noticed Dowan
  6518 | D:5      | Killed Duvessa
  6519 | D:5      | Reached XP level 8. HP: 30/67 MP: 7/14
  6519 | D:5      | Killed Dowan
  6591 | D:5      | Noticed Menkaure
  6606 | D:5      | Killed Menkaure
  6695 | D:5      | Killed Pikel
  6835 | D:6      | Reached XP level 9. HP: 48/73 MP: 10/16
  7089 | D:6      | Found Gamerph's Antique Weapon Shoppe.
  7134 | D:6      | Reached skill level 5 in Spellcasting
  7216 | D:6      | Identified the +3 ring mail of Resourcefulness {+Blink rN+
                  | Dex-3}
  7593 | D:7      | Noticed Joseph
  7616 | D:7      | Killed Joseph
  7729 | D:7      | Found a glowing golden altar of the Shining One.
  7732 | D:7      | Found a bloodstained altar of Trog.
  7733 | D:7      | Found an opulent altar of Gozag.
  7734 | D:7      | Found a stormy altar of Qazlal.
  7786 | D:7      | Reached skill level 5 in Invocations
  7872 | D:7      | Found a staircase to the Ecumenical Temple.
  8157 | D:8      | Noticed a two-headed ogre
  8191 | D:8      | Killed a two-headed ogre
  8192 | D:8      | Reached skill level 5 in Long Blades
  8192 | D:8      | Reached skill level 5 in Axes
  8192 | D:8      | Reached skill level 5 in Maces & Flails
  8192 | D:8      | Reached skill level 5 in Polearms
  8192 | D:8      | Reached skill level 5 in Staves
  8192 | D:8      | Reached skill level 5 in Slings
  8192 | D:8      | Reached skill level 5 in Bows
  8192 | D:8      | Reached skill level 5 in Crossbows
  8192 | D:8      | Reached skill level 5 in Throwing
  8192 | D:8      | Reached skill level 5 in Armour
  8192 | D:8      | Reached skill level 5 in Dodging
  8192 | D:8      | Reached skill level 5 in Stealth
  8192 | D:8      | Reached skill level 5 in Shields
  8192 | D:8      | Reached skill level 5 in Unarmed Combat
  8192 | D:8      | Reached skill level 5 in Evocations
  8192 | D:8      | Reached XP level 10. HP: 43/81 MP: 11/18
  8286 | D:8      | Found a shadowy altar of Dithmenos.
  8287 | D:8      | Found a radiant altar of Vehumet.
  8529 | D:8      | Noticed a kobold demonologist
  8533 | D:8      | Noticed a cyclops
  8543 | D:8      | Noticed an orange demon
  8543 | D:8      | Killed a kobold demonologist
  8552 | D:8      | Killed a cyclops
  8554 | D:8      | Noticed a two-headed ogre
  8574 | D:8      | Noticed a four-headed hydra
  8607 | D:8      | Killed a two-headed ogre
  8873 | D:9      | Found a shimmering blue altar of Sif Muna.
  8878 | D:9      | Noticed Maggie
  8880 | D:9      | Noticed a two-headed ogre
  8982 | D:8      | Killed a four-headed hydra
  9089 | D:8      | Found Uzecigh's Antique Armour Boutique.
  9094 | D:8      | Found an ornate altar of the Wu Jian Council.
  9094 | D:8      | Found a broken altar of Ashenzari.
  9097 | D:8      | Acquired 616 gold pieces
  9180 | D:8      | Reached XP level 11. HP: 79/87 MP: 20/20
  9712 | D:9      | Noticed a two-headed ogre
  9740 | D:9      | Killed a two-headed ogre
  9805 | D:9      | Found a shimmering altar of Xom.
  9842 | D:9      | Reached skill level 5 in Conjurations
  9842 | D:9      | Reached skill level 5 in Hexes
  9842 | D:9      | Reached skill level 5 in Summonings
  9842 | D:9      | Reached skill level 5 in Necromancy
  9842 | D:9      | Reached skill level 5 in Translocations
  9842 | D:9      | Reached skill level 5 in Transmutations
  9842 | D:9      | Reached skill level 5 in Ice Magic
  9842 | D:9      | Reached skill level 5 in Air Magic
  9842 | D:9      | Reached skill level 5 in Earth Magic
  9842 | D:9      | Reached skill level 5 in Poison Magic
  9975 | D:9      | Killed a two-headed ogre
 10089 | D:9      | Killed Maggie
 10429 | D:10     | Entered Level 10 of the Dungeon
 10838 | D:10     | Found a staircase to the Lair.
 10975 | D:10     | Found Noikhoex's General Store.
 10979 | D:10     | Bought the +9 sword of Zonguldrok {reap} for 1360 gold
                  | pieces
 10979 | D:10     | Found the +9 sword of Zonguldrok {reap}
 11462 | D:11     | Noticed Josephine
 11482 | D:11     | Killed from afar by Josephine

Illustrated notes

Levels and vault maps discovered:
D:1:      lightli_arrival_statue_moat, layout_basic
D:2:      layout_basic, hellmonk_ecumenical_altar_pennies_from_heaven,
          uniq_sigmund
D:3:      layout_rooms, uniq_terence
D:4:      layout_basic, minivault_14, minmay_shop_damaged
D:5:      layout_rooms, uniq_menkaure, uniq_pikel, uniq_duvessa
D:6:      layout_cave_pools, serial_shops, nicolae_shop_behind_doors
D:7:      layout_basic, mainiacjoe_overflow_alcove_3,
          minmay_temple_entry_purple_smoke, uniq_joseph
D:8:      minmay_distorted_concentric_squares, layout_basic,
          grunt_temple_overflow_open, serial_shops, shop
D:9:      layout_layer_cave, mainiacjoe_overflow_catch_the_wave,
          hangedman_decor_push, uniq_maggie
D:10:     layout_roguey, lair_entry_dummy, serial_shops, kennysheep_mini
D:11:     layout_stronghold, uniq_josephine

Skill      XL: |  1  2  3  4  5  6  7  8  9 10 11 |
---------------+----------------------------------+-----
Invocations    | 1 2 3 4 5 6 7 |  7.0
Long Blades    | 1 2 3 5 6 |  6.3
Axes           | 1 2 3 5 6 |  6.3
Maces & Flails | 1 2 3 5 6 |  6.3
Polearms       | 1 2 3 5 6 |  6.3
Staves         | 1 2 3 5 6 |  6.3
Slings         | 1 2 3 5 6 |  6.3
Bows           | 1 2 3 5 6 |  6.3
Crossbows      | 1 2 3 5 6 |  6.3
Throwing       | 1 2 3 5 6 |  6.3
Armour         | 1 2 3 5 6 |  6.3
Dodging        | 1 2 3 5 6 |  6.3
Stealth        | 1 2 3 5 6 |  6.3
Shields        | 1 2 3 5 6 |  6.3
Unarmed Combat | 1 2 3 5 6 |  6.3
Evocations     | 1 2 3 5 6 |  6.3
Spellcasting   | 3 4 5 6 7 |  7.0
Conjurations   | 1 2 3 4 5 |  5.2
Hexes          | 1 2 3 4 5 |  5.2
Summonings     | 1 2 3 4 5 |  5.2
Necromancy     | 1 2 3 4 5 |  5.2
Translocations | 1 2 3 4 5 |  5.2
Transmutations | 1 2 3 4 5 |  5.2
Ice Magic      | 1 2 3 4 5 |  5.2
Air Magic      | 1 2 3 4 5 |  5.2
Earth Magic    | 1 2 3 4 5 |  5.2
Poison Magic   | 1 2 3 4 5 |  5.2
Fighting       | 7 8 9 |  9.2
Short Blades   | 7 8 9 |  9.2
Fire Magic     | 6 7 |  7.7

Action                   |  1- 3 |  4- 6 |  7- 9 | 10-12 || total
-------------------------+-------+-------+-------+-------++-------
Melee: Short sword       |   120 |    71 |   139 |   122 ||   452
       Bite              |     5 |    20 |    28 |    25 ||    78
       Punch             |       |     3 |     7 |     7 ||    17
       Dagger            |       |    96 |    88 |       ||   184
       Hand axe          |       |       |    27 |       ||    27
       Double sword      |       |       |       |    28 ||    28
Throw: Throwing net      |       |       |     1 |       ||     1
 Cast: Scorch            |     3 |    50 |    45 |    42 ||   140
       Blink             |       |     2 |     6 |     5 ||    13
       Frozen Ramparts   |       |       |    13 |    19 ||    32
       Apportation       |       |       |     1 |       ||     1
Invok: Foxfire Swarm     |       |       |     1 |       ||     1
Evoke: Wand              |       |       |     5 |     2 ||     7
  Use: Scroll            |     5 |     8 |     9 |     3 ||    25
       Potion            |       |       |     1 |     5 ||     6
 Stab: Sleeping          |       |       |     2 |     1 ||     3
       Distracted        |       |       |       |     1 ||     1
Armor: Robe              |    19 |    25 |    16 |       ||    60
       Troll leather arm |       |       |    42 |    41 ||    83
       Skin              |       |       |       |    86 ||    86
Dodge: Dodged            |    68 |   105 |   139 |    95 ||   407
Block: Other             |       |       |       |     9 ||     9

Table legend: (Time is in decaauts)
 A = Elapsed time spent in this place.
 B = Non-inter-level travel time spent in this place.
 C = Inter-level travel time spent in this place.
 D = Time resting spent in this place.
 E = Time spent auto-exploring this place.
 F = Levels seen in this place.
 G = Mean time per level.
                   A        B        C        D        E       F      G
               +--------+--------+--------+--------+--------+-----+--------+
         Total |  11280 |  10797 |    483 |    420 |   8426 |  11 | 1025.5 |
       Dungeon |  11280 |  10797 |    483 |    420 |   8426 |  11 | 1025.5 |
               +--------+--------+--------+--------+--------+-----+--------+

Top non-repeatable levels by time:
     D:4: 1734 daAuts
     D:2: 1518 daAuts
     D:1: 1401 daAuts
     D:8: 1304 daAuts
     D:3: 1237 daAuts
     D:9: 1062 daAuts
     D:5: 745 daAuts
     D:6: 732 daAuts
    D:10: 722 daAuts
     D:7: 654 daAuts
    D:11: 165 daAuts
